 Dungeon Crawl Stone Soup version 0.31.0-32-g396128a36d (webtiles) character file.

Game seed: 10021471464658935036

12 imdaedric the Ducker (level 2, 25/25 HPs)
             Began as a Djinni Monk on Apr 22, 2024.
             Quit the game on level 1 of the Dungeon.
             The game lasted 00:01:03 (358 turns).

imdaedric the Ducker (Djinni Monk)                   Turns: 358, Time: 00:01:03

Health: 25/25      AC:  2    Str: 10    XL:     2   Next: 45%
Gold:   39         EV: 13    Int: 11    God:
                   SH:  0    Dex: 15

rFire   + +          .
                       - Unarmed
rCold   x . .        c - orb {light}
rNeg    . . .        a - +0 robe
rPois   ∞            (no helmet)
rElec   .            (no cloak)
rCorr   .            (no gloves)
SInv    .            (boots unavailable)
Will    .....        (no amulet)
Stlth   +            (no ring)
HPRegen 0.24/turn    (no ring)
MPRegen 0.00/turn

%: no passive effects
@: flying, glowing
A: sickness immunity, fire resistance 2, cold vulnerability 1, float, innate
caster, HP casting, extra vitality 1
a: no special abilities


You were on level 1 of the Dungeon.
You visited 1 branch of the dungeon, and saw 1 of its levels.

You collected 39 gold pieces.

Inventory:

Armour
 a - a +0 robe (worn)
 c - an orb of light (worn)
Scrolls
 d - a scroll of blinking {unknown}
 f - a scroll of enchant armour {unknown}
 h - a scroll of immolation {unknown}
Potions
 b - a potion of ambrosia
 e - a potion of enlightenment {unknown}
 g - a potion of lignification {unknown}
 i - a potion of berserk rage {unknown}


   Skills:
 + Level 3.2 Fighting
 + Level 3.5 Dodging
 + Level 3.2 Unarmed Combat You didn't know any spells. Your spell library was empty.

Dungeon Overview and Level Annotations

Branches:
Dungeon (1/15)

Altars:


Innate Abilities, Weirdness & Mutations

You are immune to sickness and miasma.
You are immune to poison.
Your flesh is very heat resistant. (rF++)
You are vulnerable to cold. (rC-)
You float through the air rather than walking.
You learn spells naturally, not from books.
Your magical power is your life essence.
You have superior vitality. (+4 MHP)


Message History

Found a grey potion.
The rat squeaks loudly.
There is an open door here.
You see here a ball python corpse.
A rat is nearby!
Found a faded altar of an unknown god.
The rat bites you.
You hit the rat.
You kill the rat!
No target in view!
No target in view!
No target in view!
No target in view!
No target in view!
There is a faded altar of an unknown god here.
Key pressed, stopping explore.
i - a grey potion You reach down and open the door.
There is an open door here.
A kobold comes into view. It is wielding a +0 whip.
Found a stone staircase leading down.
The kobold shouts!
A kobold is nearby!
You barely miss the kobold. The kobold misses you.
You completely miss the kobold. You hit the kobold.
You kill the kobold!
No target in view!
No target in view!
No target in view!
No target in view!
No target in view!
No target in view!
No target in view!
No target in view!
No target in view!
No target in view!
No target in view!
No target in view!
No target in view!
Are you sure you want to abandon this character and quit the game? (Confirm with "yes".)

......# ##### ##.....#
>.....############
#.....##.........# ##
.....##....#....# ..
#..#.##.#..#..#.###.
#..#.##.#..#..#.##..
#####.)#..'####_####†...
.......@.##.#..#..#.#...
##.##.#####.#..#..#.#...
# #....#....##..
#.........###.
########### ## # ..#####
....... ..#####


There were no monsters in sight!

Vanquished Creatures
  A bat (D:1)
  2 goblins (D:1)
  A hobgoblin (D:1)
  2 quokkas (D:1)
  A ball python (D:1)
  2 kobolds (D:1)
  2 rats (D:1)
11 creatures vanquished.

Notes
Turn   | Place    | Note
-------+----------+-------------------------------------------
     0 | D:1      | imdaedric the Djinni Monk began the quest for the Orb.
     0 | D:1      | Reached XP level 1. HP: 20/20 MP: 0/0
   199 | D:1      | Reached XP level 2. HP: 21/25 MP: 0/0
   328 | D:1      | Found a faded altar of an unknown god.
   358 | D:1      | Quit the game

Illustrated notes

Levels and vault maps discovered:
D:1:      dpeg_arrival_lava_temple_mockup, layout_loops_ring,
          shapermc_ecumenical_altar_notcrosses

Action                     || total
---------------------------++-------
  Melee: Unarmed           ||    34
 Armour: Robe              ||    13
  Dodge: Dodged            ||    25
